 Dungeon Crawl Stone Soup version 0.25.1-2-g60ff931df9 (webtiles) character file.

Game seed: 10555949241584013231

52313 Curus the Bludgeoner (level 14, -7/135 HPs)
             Began as a Minotaur Gladiator on Sept 18, 2020.
             Was the Champion of Okawaru.
             Mangled by a spriggan rider
             ... wielding the +8 spear of Vips {vorpal, rElec rC+ MR++}
              (14 damage)
             ... on level 2 of the Lair of Beasts on Sept 19, 2020.
             The game lasted 01:37:44 (22141 turns).

Curus the Bludgeoner (Minotaur Gladiator)          Turns: 22141, Time: 01:37:44

Health: -7/135     AC: 11    Str: 23    XL:     14   Next: 26%
Magic:  19/19      EV: 25    Int: 11    God:    Okawaru [******]
Gold:   1321       SH:  8    Dex: 14    Spells: 13/13 levels left

rFire    . . .     SeeInvis .   R - +1 demon whip (vamp)
rCold    . . .     Gourm    .   T - +2 buckler of the Armoured One {Int+4}
rNeg     + . .     Faith    +   b - +2 leather armour
rPois    .         Spirit   .   (helmet unavailable)
rElec    .         Reflect  .   (no cloak)
rCorr    .         Harm     .   F - +2 pair of gloves {Str+3}
MR       +....                  I - +1 pair of boots {Stlth+}
Stlth    ++++......             v - amulet of faith
HPRegen  0.32/turn              S - ring of positive energy
MPRegen  0.16/turn              (no ring)

@: about to teleport, heroism
A: retaliatory headbutt, horns 3
a: Heroism, Finesse, Renounce Religion


You were on level 2 of the Lair of Beasts.
You worshipped Okawaru.
Okawaru was exalted by your worship.
You were very hungry.

You visited 3 branches of the dungeon, and saw 18 of its levels.

You collected 1321 gold pieces.

Inventory:

Hand Weapons
 a - a +0 flail
 e - a +2 flail of protection
 j - a +1 morningstar of freezing
 t - a +2 vorpal dire flail
 O - a +1 great mace of venom
 P - a +2 great mace of distortion
 R - a +1 vampiric demon whip (weapon)
Missiles
 d - 3 throwing nets (quivered)
Armour
 b - a +2 leather armour (worn)
 c - a +0 hat
 m - a +2 pair of boots
 r - a +0 buckler
 F - a +2 pair of gloves of strength (worn)
 I - a +1 pair of boots of stealth (worn)
 M - a +2 hat of magic resistance
 T - the +2 buckler of the Armoured One (worn) {Int+4}
   (Okawaru gifted it to you on level 6 of the Lair of Beasts)

   It affects your intelligence (+4).
Jewellery
 k - an uncursed amulet of guardian spirit
 v - an amulet of faith (around neck)
 x - an uncursed amulet of the acrobat
 B - an uncursed ring of ice
 S - a ring of positive energy (left hand)
Wands
 s - a wand of enslavement (17)
 u - a wand of polymorph (6)
 z - a wand of acid (11)
 A - a wand of paralysis (10)
 E - a wand of digging (5)
 G - a wand of flame (28)
 Q - a wand of iceblast (11)
Scrolls
 i - 4 scrolls of fog
 n - 5 scrolls of identify
 o - 8 scrolls of remove curse
 w - 2 scrolls of blinking
 y - 2 scrolls of teleportation
 C - 3 scrolls of magic mapping
 D - 3 scrolls of amnesia
Potions
 g - 6 potions of brilliance
 h - 4 potions of mutation
 l - a potion of heal wounds
 p - 3 potions of curing
 q - 2 potions of magic
 K - 2 potions of stabbing
 L - 2 potions of ambrosia
 N - a potion of flight
Miscellaneous
 J - a box of beasts
Comestibles
 f - 35 rations


   Skills:
 + Level 15.2(20.2) Fighting
 - Level 16.0(21.0) Maces & Flails
 - Level 2.0(7.0) Throwing
 + Level 14.3(19.3) Dodging
 - Level 4.0(9.0) Shields
 - Level 8.1 Invocations
 - Level 4.3 Evocations


You had 13 spell levels left.
You didn't know any spells.
Your spell library contained the following spells:

 Spells                   Type           Power        Failure   Level  Hunger
 Animate Skeleton         Necr           N/A          36%         1    ##.....
 Apportation              Tloc           #.....       36%         1    ##.....
 Corona                   Hex            #......      36%         1    ##.....
 Foxfire                  Conj/Fire      #...         36%         1    ##.....
 Shock                    Conj/Air       #...         36%         1    ##.....
 Summon Small Mammal      Summ           #...         36%         1    ##.....
 Swiftness                Chrm/Air       #.......     52%         2    ###....
 Conjure Flame            Conj/Fire      #.......     75%         3    ####...
 Inner Flame              Hex/Fire       #.......     75%         3    ####...
 Static Discharge         Conj/Air       #.......     75%         3    ####...
 Airstrike                Air            #.........   98%         4    #####..
 Sticky Flame             Conj/Fire      #.......     98%         4    #####..
 Bolt of Magma            Conj/Fire/Erth #.........   100%        5    ######.
 Fireball                 Conj/Fire      #.........   100%        5    ######.
 Irradiate                Conj/Tmut      #.........   100%        5    ######.
 Iskenderun's Battlesphe  Conj/Chrm      #.......     100%        5    ######.
 Lightning Bolt           Conj/Air       #.........   100%        5    ######.
 Hydra Form               Tmut           #.........   100%        6    #######
 Iron Shot                Conj/Erth      #.........   100%        6    #######
 Statue Form              Tmut/Erth      #........    100%        6    #######
 Dragon Form              Tmut           #.........   100%        7    #######
 Orb of Destruction       Conj           #.........   100%        7    #######
 Spellforged Servitor     Conj/Summ      #.........   100%        7    #######


Dungeon Overview and Level Annotations

Branches:
Dungeon (11/15)            Temple (1/1) D:7            Lair (6/6) D:11
  Swamp (0/4) Lair:2       Spider (0/4) Lair:4        Slime (0/5) Lair:5
    Orc: D:9-12

Altars:
Ashenzari
Cheibriados
Dithmenos
Elyvilon
Fedhas
Gozag
Hepliaklqana
Kikubaaqudgha
Makhleb
Nemelex Xobeh
Okawaru
Qazlal
Ru
Sif Muna
Trog
Uskayaw
Vehumet
Wu Jian
Xom
Yredelemnul
Zin
The Shining One

Annotations:
D:6 1 runed translucent door
Lair:1 1 runed translucent door, mandor's ghost, journeyman GnWz


Innate Abilities, Weirdness & Mutations

You reflexively headbutt those who attack you in melee.
You have a pair of large horns on your head.


Message History

The hornet is severely wounded.
The hornet misses you. The spriggan rider barely misses you.
You hit the hornet.
You feel better.
The hornet is severely wounded.
The hornet barely misses you.
You hit the hornet.
You feel better.
The hornet is almost dead.
The spriggan rider hits you from afar with the +8 spear of Vips {vorpal, rElec rC+ MR++}!!
* * * LOW HITPOINT WARNING * * *
x2
Okay, then.
Unknown command.
Unknown command.
You closely miss the hornet.
The hornet is almost dead.
You block the hornet's attack.
As you read the scroll of teleportation, it crumbles to dust.
You feel strangely unstable. You block the hornet's attack.
You block the spriggan rider's attack. The hornet completely misses you.
The spriggan rider hits you from afar with the +8 spear of Vips {vorpal, rElec rC+ MR++}!
You die...

#..# ##...P# ##..... #..#
#...## #..... #..# ##.##
##..... #..# ##.## #.....)
#..# #P..# ##.....
##..######.## ##.....
#....#.##...# ### #......
#P..#..###..######P###P.....
##P....hiiy@................
#.....♣♣♣♣♣###.#P..#...<...
#.....♣..♣ ♣♣#######.......
#.....#♣.♣♣.♣ #.......
#.....⌠#♣..♣ ###.......
##.....i#h..♣ #.........
#.......†.♣.♣ ##........
##......#{♣ .. #........
#### ##.....⌠#.♣ .♣
##.......


You could see a spriggan rider, a hornet, a black bear and a spriggan.

Vanquished Creatures
  Gastronok (Lair:3)
  Snorg (Lair:3)
  The ghost of Xudgha the Protected, a journeyman MiFi of Okawaru (Lair:2)
  Fannar (Lair:3)
  A merfolk avatar (Lair:6)
  3 two-headed ogres (D:11)
  12 hydras
  Nergalle (D:11)
  A sea snake (Lair:6)
  A wolf spider (Lair:4)
  A harpy (Lair:6)
  A deep elf mage (D:11)
  A manticore (Lair:6)
  A centaur zombie (D:10)
  7 elephants
  4 black mambas
  10 spiny frogs
  3 rime drakes
  13 komodo dragons
  2 trolls (D:9)
  6 polar bears
  A jumping spider (Lair:4)
  5 dream sheep (Lair:6)
  5 hippogriffs
  A spriggan (Lair:2)
  4 wyverns (Lair:6)
  A redback (Lair:4)
  45 yaks
  A wraith (D:11)
  A hungry ghost (D:10)
  Eustachio (D:5)
  6 basilisks
  16 water moccasins
  3 porcupines
  4 orc warriors
  7 ice beasts
  2 phantoms
  3 sky beasts
  2 black bears
  2 necrophages
  5 ogres
  26 wolves
  5 centaurs
  14 crocodiles
  13 bullfrogs
  2 big kobolds (D:7)
  2 wyvern skeletons
  3 scorpions
  11 killer bees
  5 wights (D:9)
  2 howler monkeys
  4 crimson imps
  8 jellies
  4 hounds
  A gnoll shaman (D:7)
  A centaur skeleton (D:8)
  5 orc priests
  2 bullfrog skeletons
  Terence (D:2)
  10 iguanas
  8 orc wizards
  6 hell rats
  8 worker ants
  A hound zombie (D:7)
  2 hound skeletons
  2 howler monkey zombies (D:8)
  8 gnolls
  12 adders
  3 shadow imps
  6 oozes
  2 adder zombies
  2 adder skeletons
  2 dart slugs
  3 worms
  6 leopard geckos
  23 orcs
  2 ball pythons
  8 giant cockroaches
  12 goblins
  8 hobgoblins
  15 jackals
  4 quokkas
  11 bats
  2 frilled lizards
  13 kobolds
  A leopard gecko skeleton (D:6)
  A leopard gecko zombie (D:7)
  11 rats
488 creatures vanquished.

Vanquished Creatures (others)
  An orc wizard (D:11)
  13 fungi
  15 plants
29 creatures vanquished.

Grand Total: 517 creatures vanquished

Notes
Turn   | Place    | Note
-------+----------+-------------------------------------------
     0 | D:1      | Curus the Minotaur Gladiator began the quest for the Orb.
     0 | D:1      | Reached XP level 1. HP: 18/18 MP: 0/0
    53 | D:1      | Reached skill level 4 in Maces & Flails
   161 | D:1      | Reached XP level 2. HP: 25/25 MP: 1/1
   572 | D:1      | Reached skill level 5 in Maces & Flails
   578 | D:1      | Reached XP level 3. HP: 11/30 MP: 2/2
  1914 | D:2      | Reached skill level 6 in Maces & Flails
  1914 | D:2      | Reached XP level 4. HP: 32/37 MP: 3/3
  2017 | D:2      | Noticed Terence
  2027 | D:2      | Killed Terence
  2277 | D:3      | Gained mutation: You evolve. [potion of mutation]
  2277 | D:3      | Gained mutation: You have a pair of large horns on your
                  | head. [potion of mutation]
  2394 | D:3      | Noticed a sky beast
  2396 | D:3      | Killed a sky beast
  2396 | D:3      | Reached skill level 7 in Maces & Flails
  2396 | D:3      | Reached XP level 5. HP: 42/42 MP: 4/4
  2870 | D:3      | Lost mutation: You evolve. [evolution]
  2892 | D:4      | Reached skill level 8 in Maces & Flails
  3014 | D:4      | Reached XP level 6. HP: 50/50 MP: 5/5
  4083 | D:5      | Entered Level 5 of the Dungeon
  4210 | D:5      | Noticed Eustachio
  4227 | D:5      | Killed Eustachio
  4227 | D:5      | Reached skill level 9 in Maces & Flails
  4317 | D:5      | Reached XP level 7. HP: 43/56 MP: 3/6
  4391 | D:5      | Reached skill level 10 in Maces & Flails
  5009 | D:6      | Reached skill level 11 in Maces & Flails
  5032 | D:6      | Reached XP level 8. HP: 59/62 MP: 7/7
  5083 | D:6      | Reached skill level 12 in Maces & Flails
  5564 | D:6      | Reached skill level 13 in Maces & Flails
  5743 | D:6      | Found a white marble altar of Elyvilon.
  5743 | D:6      | Noticed an angel
  5744 | D:6      | Found a runed translucent door.
  5822 | D:7      | Found a staircase to the Ecumenical Temple.
  6112 | D:7      | Reached XP level 9. HP: 37/68 MP: 4/8
  6156 | Temple   | Entered the Ecumenical Temple
  6372 | Temple   | Became a worshipper of Warmaster Okawaru
  6442 | D:7      | Reached skill level 14 in Maces & Flails
  6636 | D:7      | Found a shimmering altar of Xom.
  7502 | D:8      | Reached * piety under Okawaru
  7556 | D:8      | Reached skill level 5 in Dodging
  7681 | D:8      | Reached skill level 5 in Fighting
  8051 | D:8      | Found the +7 pair of quick blades "Gyre" and "Gimble"
                  | {protect}
  8478 | D:9      | Reached ** piety under Okawaru
  8875 | D:9      | Reached XP level 10. HP: 86/86 MP: 9/9
  8892 | D:9      | Reached *** piety under Okawaru
  9500 | D:9      | Received a gift from Okawaru
  9749 | D:10     | Entered Level 10 of the Dungeon
 10743 | D:11     | Found a staircase to the Lair.
 10743 | D:11     | Noticed an elephant
 10760 | D:11     | Killed an elephant
 10760 | D:11     | Reached **** piety under Okawaru
 10775 | D:11     | Reached skill level 10 in Fighting
 10901 | D:11     | Noticed a deep elf mage
 10913 | D:11     | Killed a deep elf mage
 10937 | D:11     | Noticed a two-headed ogre
 10947 | D:11     | Killed a two-headed ogre
 10947 | D:11     | Reached ***** piety under Okawaru
 10947 | D:11     | Reached skill level 10 in Dodging
 10947 | D:11     | Reached XP level 11. HP: 98/101 MP: 10/10
 11439 | D:11     | Found a stormy altar of Qazlal.
 11467 | D:11     | Noticed a two-headed ogre
 11471 | D:11     | Killed a two-headed ogre
 11530 | D:11     | Noticed a two-headed ogre
 11538 | D:11     | Noticed Nergalle
 11540 | D:11     | Killed a two-headed ogre
 11540 | D:11     | Received a gift from Okawaru
 11552 | D:11     | Killed Nergalle
 12036 | Lair:1   | Entered Level 1 of the Lair of Beasts
 12138 | Lair:1   | Reached skill level 1 in Shields
 12225 | Lair:1   | Received a gift from Okawaru
 12373 | Lair:1   | Noticed a six-headed hydra
 12380 | Lair:1   | Killed a six-headed hydra
 12557 | Lair:1   | Noticed a seven-headed hydra
 12559 | Lair:1   | Reached ****** piety under Okawaru
 12568 | Lair:1   | Killed a seven-headed hydra
 12568 | Lair:1   | Reached skill level 1 in Invocations
 12751 | Lair:1   | Found a shadowy altar of Dithmenos.
 13053 | Lair:1   | Reached skill level 15 in Maces & Flails
 13064 | Lair:1   | Reached XP level 12. HP: 105/112 MP: 13/13
 13176 | Lair:1   | Found a runed translucent door.
 13177 | Lair:1   | Found a shimmering altar of Xom.
 13177 | Lair:1   | Noticed mandor's ghost (journeyman GnWz)
 13931 | Lair:2   | Received a gift from Okawaru
 14065 | Lair:2   | Reached skill level 5 in Invocations
 14136 | Lair:2   | Found a staircase to the Swamp.
 14514 | Lair:2   | Found a runed translucent door.
 14514 | Lair:2   | Identified the +8 spear of Vips {vorpal, rElec rC+ MR++}
 14595 | Lair:2   | Noticed Xudgha's ghost (journeyman MiFi)
 14791 | Lair:3   | Noticed Snorg
 14811 | Lair:3   | Killed Snorg
 14811 | Lair:3   | Reached skill level 16 in Maces & Flails
 15000 | Lair:3   | Noticed Gastronok
 15016 | Lair:3   | Killed Gastronok
 15389 | Lair:3   | Noticed an eight-headed hydra
 15405 | Lair:3   | HP: 4/112 [eight-headed hydra (3)]
 15413 | Lair:3   | Killed an eight-headed hydra
 15748 | Lair:3   | Noticed Fannar
 15768 | Lair:3   | Killed Fannar
 15934 | Lair:3   | Received a gift from Okawaru
 15947 | Lair:3   | Reached XP level 13. HP: 54/118 MP: 18/18
 17051 | Lair:4   | Found a hole to the Spider Nest.
 18164 | Lair:5   | Received a gift from Okawaru
 18373 | Lair:5   | Found a staircase to the Slime Pits.
 19172 | Lair:6   | Entered Level 6 of the Lair of Beasts
 20073 | Lair:6   | Received a gift from Okawaru
 20097 | Lair:6   | Got a masterwork buckler {god gift}
 20108 | Lair:6   | Identified the +2 buckler of the Armoured One {Int+4}
                  | (Okawaru gifted it to you on level 6 of the Lair of Beasts)
 21096 | Lair:6   | Reached XP level 14. HP: 103/133 MP: 19/19
 21256 | Lair:6   | Received a gift from Okawaru
 21285 | Lair:6   | Reached skill level 15 in Fighting
 22107 | Lair:2   | Killed Xudgha's ghost
 22137 | Lair:2   | HP: 6/135 [spriggan rider/the +8 spear of Vips {vorpal,
                  | rElec rC+ MR++} (6)]
 22141 | Lair:2   | Mangled by a spriggan rider

Illustrated notes

Levels and vault maps discovered:
D:1:      onia_arrival_mini_spirals, layout_basic
D:2:      layout_loops_ring, uniq_terence
D:3:      layout_basic, minmay_vboxes
D:4:      layout_basic, first_ration, minivault_23,
          chequers_serial_rivers_small_3
D:5:      layout_basic, chequers_serial_rivers_micro_d, minmay_strange_pillars,
          uniq_eustachio
D:6:      cheibrodos_fzero, layout_loops_ring, hangedman_decor_peaks_small,
          minmay_misc_feat_more_columns, lemuel_angel_altar
D:7:      layout_loops_ring, brannock_xom_greatest_gift,
          minmay_temple_entry_mini_moons
D:8:      layout_basic
D:9:      layout_loops_ring
D:10:     layout_long_grid, hangedman_little_slice_of_home, abandoned_shop
D:11:     layout_roguey, david_lair_generic, basic_altar, enter_bailey_3,
          minmay_misc_feat_encased, nicolae_twisting_strands, uniq_nergalle
Temple:   kilobyte_greek_temple
Lair:1:   beast_lair_carwin_large_3, layout_gridlike, ebering_ghost_xom,
          basic_altar
Lair:2:   layout_chaotic_city, swamp_mist, ebering_ghost_funeral_grove,
          beast_lair_carwin_7, serial_bayou_shore_b, lemuel_fruit_fields,
          lemuel_fruit_fields, serial_bayou_shore_b
Lair:3:   layout_regular_city, uniq_snorg, uniq_fannar, uniq_gastronok
Lair:4:   layout_gridlike, spider_nest_entry_funnel_web, lemuel_fruit_tree
Lair:5:   layout_regular_city, slime_dummy, serial_bayou_shore_a,
          grunt_megastairs_1
Lair:6:   gammafunk_lair_ancient_temple, layout_long_grid

Skill      XL: |  1  2  3  4  5  6  7  8  9 10 11 12 13 14 |
---------------+-------------------------------------------+-----
Maces & Flails | 4 5 6 7 8 9 11 13 14 15 16 | 16.0
Fighting       | 7 10 11 12 14 15 | 15.2
Dodging        | 7 10 11 13 14 | 14.3
Shields        | 4 |  4.0
Invocations    | 3 8 |  8.1
Evocations     | 4 |  4.3
Throwing       | |  2.0

Action                   |  1- 3 |  4- 6 |  7- 9 | 10-12 | 13-15 || total
-------------------------+-------+-------+-------+-------+-------++-------
Melee: Flail             |    79 |   123 |   138 |       |       ||   340
       Headbutt          |     8 |    14 |    47 |   125 |   116 ||   310
       Dire flail        |       |       |   171 |   241 |       ||   412
       Morningstar       |       |       |       |   300 |   363 ||   663
       Demon whip        |       |       |       |       |    77 ||    77
Invok: Heroism           |       |       |       |     2 |     2 ||     4
Evoke: Wand              |       |       |       |     5 |     1 ||     6
  Use: Potion            |     4 |     5 |     3 |     6 |     5 ||    23
       Scroll            |     3 |     5 |     6 |     7 |     4 ||    25
 Stab: Sleeping          |       |     2 |       |     3 |     1 ||     6
       Distracted        |       |       |       |       |     1 ||     1
  Eat: Chunk             |     3 |     8 |    14 |    20 |    15 ||    60
       Ration            |       |       |       |     1 |     1 ||     2
Armor: Leather armour    |    22 |    40 |    70 |    71 |    69 ||   272
Dodge: Dodged            |    48 |    68 |   162 |   273 |   358 ||   909
Block: Buckler           |       |       |     5 |    46 |   128 ||   179
